Map: Ever Dream LE

Players

Astrea

  • Race: Protoss Protoss
  • League: Master
  • Spawn Location: 1:00

Asuna - Winner!

  • Race: Protoss Protoss
  • League: Master
  • Spawn Location: 7:00

Event: DreamHack SC2 Masters 2020 Fall

VOD

Have the link to the VOD?

Description

Time

  • Played on: Sept. 3, 2020, 5:54 p.m.
  • Length: 18:32

All games in this series

Show
View Real Time Build Order
Export as new Build Order

Astrea Protoss 

Build Orders:  

Get SALT Encoding   

  12  0:00  Probe  
  13  0:12  Probe  
  14  0:18  Pylon  
  14  0:24  Probe (Chrono Boost)  
  15  0:36  Probe (Chrono Boost)  
  15  0:37  Gateway  
  16  0:44  Probe (Chrono Boost)  
  16  0:46  Assimilator  
  17  0:51  Probe  
  17  0:55  Assimilator  
  19  1:11  Forge  
  19  1:16  Probe  
  19  1:24  Zealot (Chrono Boost)  
  19  1:28  Pylon  
  21  1:50  Pylon, Photon Cannon  
  21  1:55  Probe  
  22  2:08  Photon Cannon  
  21  2:09  Photon Cannon  
  20  2:16  Probe  
  21  2:23  Cybernetics Core  
  21  2:30  Pylon  
  19  2:40  Probe  
  20  2:52  Pylon, Probe  
  21  3:00  Pylon  
  21  3:04  Probe  
  22  3:06  Warp Gate (Chrono Boost)  
  22  3:15  Gateway  
  22  3:17  Stalker (Chrono Boost)  
  22  3:18  Shield Battery  
  22  3:26  Probe  
  24  3:39  Probe  
  21  3:51  Probe  
  21  3:52  Pylon  
  22  4:03  Probe  
  22  4:07  Gateway  
  23  4:10  Robotics Facility  
  23  4:18  Gateway  
  23  4:24  Shield Battery  
  23  4:26  Probe  
  24  4:39  Probe  
  24  4:40  Pylon  
  25  4:49  Stalker  
  26  5:01  Stalker  
  26  5:04  Warp Prism (Chrono Boost)  
  30  5:15  Stalker  
  32  5:22  Sentry  
  34  5:33  Stalker  
  36  5:46  Sentry, Stalker  
  40  6:02  Stalker x2  
  42  6:16  Stalker  
  44  6:23  Pylon  
  44  6:26  Probe  
  44  6:27  Stalker  
  47  6:39  Stalker  
  39  6:56  Stalker x2  
  43  7:09  Sentry  
  43  7:12  Nexus  
  45  7:18  Observer (Chrono Boost)  
  46  7:23  Observer  
  46  7:34  Adept  
  46  7:35  Adept  
  46  7:36  Sentry  
  52  7:40  Probe  
  52  7:42  Pylon  
  53  7:52  Probe  
  54  8:04  Probe  
  43  8:16  Probe (Chrono Boost)  
  43  8:17  Adept x3  
  46  8:26  Shield Battery  
  48  8:27  Probe (Chrono Boost)  
  48  8:30  Probe (Chrono Boost)  
  48  8:32  Probe (Chrono Boost)  
  49  8:36  Observer  
  49  8:38  Probe  
  48  8:43  Probe  
  45  8:50  Probe  
  45  8:51  Sentry x2  
  45  8:55  Shield Battery, Probe  
  51  9:01  Photon Cannon  
  51  9:02  Probe  
  51  9:09  Photon Cannon  
  52  9:13  Assimilator  
  52  9:14  Assimilator  
  52  9:15  Probe  
  53  9:22  Probe  
  54  9:27  Stargate  
  54  9:32  Stargate  
  54  9:40  Observer  
  54  9:49  Pylon  
  54  9:50  Photon Cannon  
  54  9:52  Photon Cannon  
  54  9:54  Sentry  
  54  9:55  Protoss Air Weapons Level 1  
  56  10:07  Stalker  
  58  10:10  Phoenix (Chrono Boost)  
  60  10:15  Phoenix (Chrono Boost)  
  62  10:28  Phoenix (Chrono Boost)  
  62  10:31  Phoenix (Chrono Boost)  
  66  10:40  Adept  
  68  10:50  Phoenix (Chrono Boost)  
  68  10:53  Phoenix (Chrono Boost)  
  72  11:00  Nexus  
  72  11:07  Pylon  
  72  11:10  Phoenix (Chrono Boost)  
  74  11:15  Probe  
  74  11:16  Probe  
  76  11:28  Probe x2  
  80  11:34  Phoenix (Chrono Boost)  
  80  11:35  Phoenix (Chrono Boost)  
  82  11:40  Probe (Chrono Boost)  
  82  11:45  Probe (Chrono Boost)  
  84  11:50  Probe (Chrono Boost)  
  86  11:54  Probe (Chrono Boost)  
  86  12:11  Probe x2  
  86  12:13  Probe  
  86  12:14  Void Ray (Chrono Boost)  
  95  12:23  Void Ray (Chrono Boost), Probe x2  
  95  12:27  Stalker x2  
  95  12:28  Shield Battery x2  
  101  12:31  Pylon  
  97  12:47  Photon Cannon  
  97  12:49  Pylon x2  
  95  13:03  Stalker x2  
  88  13:17  Probe  
  88  13:19  Void Ray x2 (Chrono Boost)  
  76  13:23  Probe  
  85  13:30  Pylon x2  
  85  13:43  Pylon  
  85  13:45  Nexus  
  83  13:52  Sentry x2  
  87  13:56  Twilight Council  
  87  13:57  Probe  
  87  13:58  Void Ray x2 (Chrono Boost)  
  87  13:59  Probe  
  98  14:10  Probe  
  98  14:11  Probe  
  98  14:15  Pylon  
  99  14:22  Probe  
  100  14:25  Probe  
  99  14:32  Robotics Facility  
  99  14:34  Probe  
  99  14:37  Probe  
  99  14:38  Dark Shrine  
  101  14:39  Observer  
  105  14:46  Probe  
  110  14:57  Probe x2  
  104  15:05  Probe (Chrono Boost)  
  109  15:09  Probe x2 (Chrono Boost)  
  109  15:10  Photon Cannon  
  109  15:11  Shield Battery  
  111  15:17  Probe (Chrono Boost)  
  111  15:18  Fleet Beacon  
  111  15:19  Observer  
  111  15:20  Probe x2 (Chrono Boost)  
  111  15:28  Assimilator x2  
  111  15:39  Pylon  
  111  15:41  Nexus, Gateway  
  111  15:42  Gateway  
  111  15:56  Gateway  
  111  15:57  Gateway  
  111  16:00  Templar Archives  
  111  16:07  Dark Templar x2  
  88  16:22  Observer  
  83  16:30  Photon Cannon  
  83  16:32  Photon Cannon  
  83  16:33  Shield Battery  
  83  16:34  Shield Battery  
  83  16:40  Dark Templar x4  
  91  16:51  Photon Cannon  
  91  16:58  High Templar  
  91  16:59  High Templar  
  95  17:03  Archon  
  95  17:09  High Templar x2  
  95  17:14  Archon  
  99  17:15  Pylon  
  99  17:16  High Templar  
  99  17:17  High Templar  
  99  17:18  Probe (Chrono Boost)  
  104  17:25  Archon  
  104  17:28  Probe (Chrono Boost)  
  103  17:32  High Templar x2  
  103  17:33  Probe (Chrono Boost)  
  106  17:40  Archon  
  106  17:41  High Templar x2  
  108  17:45  Archon  
  108  17:48  Photon Cannon  
  108  17:51  Pylon  
  108  17:53  Zealot x2  
  108  18:01  Assimilator  
  108  18:03  Assimilator  
  108  18:06  Gateway x2  
  108  18:09  Zealot x2  
  108  18:16  Zealot x4  
Show
View Real Time Build Order
Export as new Build Order

Asuna Protoss - Winner!

Build Orders: Cannon Rush 

Get SALT Encoding   

  12  0:00  Probe (Chrono Boost)  
  13  0:09  Probe (Chrono Boost)  
  14  0:15  Probe  
  15  0:21  Pylon  
  15  0:39  Forge, Probe  
  16  0:59  Pylon  
  16  1:00  Pylon  
  16  1:01  Pylon  
  16  1:07  Pylon  
  16  1:21  Pylon  
  16  1:26  Photon Cannon  
  16  1:36  Probe  
  16  1:37  Gateway  
  16  1:42  Pylon  
  16  1:50  Photon Cannon  
  16  1:53  Photon Cannon  
  16  1:59  Photon Cannon  
  16  2:07  Probe (Chrono Boost)  
  18  2:16  Probe (Chrono Boost)  
  18  2:18  Assimilator  
  18  2:21  Probe (Chrono Boost)  
  19  2:33  Probe  
  19  2:34  Cybernetics Core  
  20  2:42  Assimilator  
  20  2:45  Probe (Chrono Boost)  
  21  2:57  Probe (Chrono Boost)  
  22  3:03  Probe (Chrono Boost)  
  23  3:10  Adept (Chrono Boost)  
  23  3:12  Probe  
  26  3:20  Nexus  
  26  3:21  Pylon  
  26  3:32  Stargate  
  25  3:41  Probe  
  26  3:52  Warp Gate  
  26  3:53  Probe  
  27  4:01  Robotics Facility  
  25  4:05  Photon Cannon  
  25  4:14  Probe  
  25  4:16  Void Ray (Chrono Boost)  
  26  4:26  Probe  
  31  4:32  Probe  
  32  4:39  Probe (Chrono Boost)  
  32  4:45  Probe (Chrono Boost)  
  35  4:57  Immortal, Probe x2 (Chrono Boost)  
  40  5:02  Probe (Chrono Boost)  
  40  5:04  Probe (Chrono Boost)  
  42  5:09  Shield Battery  
  42  5:11  Probe  
  45  5:15  Probe  
  45  5:16  Void Ray  
  45  5:17  Shield Battery  
  43  5:26  Probe  
  45  5:33  Photon Cannon  
  45  5:52  Pylon  
  45  6:02  Shield Battery  
  45  6:07  Immortal (Chrono Boost)  
  49  6:12  Pylon  
  49  6:16  Void Ray (Chrono Boost)  
  49  6:20  Shield Battery, Photon Cannon  
  49  6:25  Shield Battery  
  53  6:37  Immortal (Chrono Boost)  
  49  6:50  Void Ray (Chrono Boost)  
  49  6:52  Probe x2  
  51  6:56  Assimilator  
  55  7:04  Probe x2  
  57  7:08  Shield Battery  
  57  7:11  Immortal  
  61  7:16  Probe  
  61  7:19  Pylon  
  62  7:25  Pylon  
  62  7:31  Void Ray  
  62  7:37  Probe  
  67  7:38  Probe  
  67  7:40  Pylon  
  68  7:48  Assimilator  
  68  7:49  Probe  
  68  7:50  Warp Prism (Chrono Boost), Probe  
  67  8:07  Probe  
  68  8:14  Phoenix  
  68  8:17  Probe  
  68  8:19  Probe  
  68  8:23  Pylon  
  68  8:30  Probe  
  68  8:34  Immortal  
  69  8:46  Probe x2 (Chrono Boost)  
  69  8:55  Gateway  
  69  8:57  Gateway  
  69  9:00  Gateway  
  70  9:04  Probe (Chrono Boost)  
  70  9:09  Probe (Chrono Boost)  
  70  9:13  Immortal  
  75  9:22  Gateway  
  75  9:23  Pylon  
  75  9:28  Gateway  
  75  9:39  Nexus  
  75  9:51  Protoss Ground Weapons Level 1 (Chrono Boost)  
  75  10:00  Twilight Council  
  75  10:01  Sentry x3  
  81  10:22  Probe x2  
  83  10:31  Charge (Chrono Boost)  
  83  10:33  Pylon  
  83  10:34  Probe x2  
  85  10:39  Templar Archives  
  85  10:42  Gateway  
  85  10:43  Pylon  
  85  10:46  Probe x2  
  85  10:48  Photon Cannon  
  85  10:49  Shield Battery  
  87  10:54  Probe  
  87  10:58  Probe x2  
  87  11:00  Photon Cannon  
  89  11:05  Gateway  
  89  11:12  Gateway  
  89  11:17  Pylon  
  89  11:18  Gateway  
  89  11:22  Probe  
  89  11:23  Probe  
  89  11:25  High Templar  
  93  11:33  High Templar x3  
  93  11:38  Gateway, Archon x2  
  93  11:39  Probe x2  
  101  11:43  High Templar x2  
  101  11:46  Photon Cannon  
  105  11:47  Archon  
  105  11:51  Protoss Ground Weapons Level 2 (Chrono Boost)  
  104  11:54  Probe x3  
  104  11:59  Zealot  
  107  12:06  Probe  
  108  12:15  Zealot x3  
  110  12:18  Probe  
  110  12:19  Probe x2  
  108  12:24  Zealot  
  108  12:26  High Templar x2  
  108  12:27  High Templar  
  114  12:30  High Templar  
  114  12:31  Probe x2, Archon  
  114  12:36  Archon  
  118  12:42  Stalker x2  
  118  12:43  Zealot  
  118  12:48  Probe  
  119  13:02  Stalker x2  
  119  13:03  Zealot x3  
  123  13:14  Stalker x2  
  123  13:15  Stalker x2  
  123  13:17  Pylon  
  125  13:23  Probe x3  
  122  13:29  Assimilator  
  122  13:35  Assimilator  
  121  13:42  Blink (Chrono Boost)  
  121  13:49  Nexus  
  121  13:50  Pylon  
  117  14:09  Pylon  
  117  14:12  Stargate x2  
  117  14:15  Stargate  
  117  14:17  Shield Battery, Probe, Photon Cannon  
  117  14:18  Protoss Air Weapons Level 1 (Chrono Boost), Probe x2  
  119  14:30  Probe x3  
  122  14:32  Phoenix (Chrono Boost)  
  122  14:33  Unknown  
  124  14:42  Probe x3  
  126  14:48  Phoenix (Chrono Boost)  
  127  14:56  Phoenix x2 (Chrono Boost)  
  127  14:57  Probe x2  
  127  14:58  Probe  
  134  15:00  Photon Cannon  
  134  15:03  Phoenix (Chrono Boost)  
  136  15:09  Probe  
  136  15:10  Phoenix (Chrono Boost)  
  136  15:13  Fleet Beacon  
  139  15:16  Phoenix (Chrono Boost)  
  141  15:22  Pylon  
  141  15:25  Phoenix x2 (Chrono Boost)  
  145  15:28  Phoenix (Chrono Boost)  
  147  15:37  Zealot x2, High Templar x2  
  147  15:38  Zealot  
  147  15:41  Phoenix (Chrono Boost), Archon  
  159  15:55  Nexus  
  159  15:57  Photon Cannon  
  159  16:00  Shield Battery  
  159  16:01  Pylon  
  143  16:22  Observer (Chrono Boost)  
  140  16:26  Carrier x3 (Chrono Boost)  
  140  16:31  Probe x3  
  140  16:32  Probe  
  162  16:35  Observer (Chrono Boost)  
  162  16:39  High Templar x2  
  167  16:40  Zealot x2  
  171  16:48  Probe x3  
  174  16:55  Warp Prism (Chrono Boost)  
  174  16:59  Photon Cannon  
  176  17:02  Archon  
  176  17:04  High Templar x2  
  176  17:05  Zealot  
  182  17:12  Archon  
  182  17:16  Carrier  
  188  17:34  Assimilator x2  
  188  17:35  Zealot x6  
  199  17:44  Photon Cannon x2  
  199  17:45  Pylon, Photon Cannon  
  197  18:00  High Templar  
  197  18:03  High Templar  
  189  18:19  Zealot x5  
  191  18:20  Zealot x3  
  191  18:22  Archon  

Tags
 
Add a new tag
Caveats
  • Supply blocks, unpowered buildings, or Contaminate may cause inaccurate times.
  • Supply counts are checked every 10 seconds.